 Dungeon Crawl Stone Soup version 0.31-a0-360-gb3e1d13bf4 (webtiles) character file.

Game seed: 1040848253452125342

18 zazu2006 the Blocker (level 2, 0/34 HPs)
             Began as a Gnoll Wanderer on July 27, 2023.
             Succumbed to an adder's poison
             ... on level 1 of the Dungeon.
             The game lasted 00:03:35 (915 turns).

zazu2006 the Blocker (Gnoll Wanderer)                Turns: 915, Time: 00:03:36

Health: 0/34       AC:  2    Str: 10    XL:     2   Next: 70%
Magic:  7/7        EV: 11    Int: 14    God:
Gold:   67         SH:  7    Dex:  9    Spells: 10/10 levels left

rFire   . . .        a - +0 club
rCold   . . .        e - +2 buckler
rNeg    . . .        d - +0 robe
rPois   .            (no helmet)
rElec   .            (no cloak)
rCorr   .            (no gloves)
SInv    .            (no boots)
Will    .....        l - amulet of the acrobat Stlth
                     j - ring of flight
HPRegen 0.25/turn    (no ring)
MPRegen 0.10/turn

%: acrobat
@: berserking, lethally poisoned (0 -> -4), flying, very quick
A: fangs 1, strong nose, distributed training
a: no special abilities


You were on level 1 of the Dungeon.
You visited 1 branch of the dungeon, and saw 2 of its levels.

You collected 81 gold pieces.
You spent 14 gold pieces at shops.

Inventory:

Hand Weapons
 a - a +0 club (weapon)
Armour
 d - a +0 robe (worn)
 e - a +2 buckler (worn)
Jewellery
 j - a ring of flight (left hand)
 l - an amulet of the acrobat (around neck)
Scrolls
 g - a scroll of identify {unknown}
 i - a scroll of enchant weapon {unknown}
 k - a scroll of amnesia {unknown}
 m - a scroll of teleportation {unknown}
Potions
 c - a potion of lignification
 h - a potion of attraction {unknown}
Miscellaneous
 b - a piece from Xom's chessboard (5/15) (quivered)


   Skills:
 + Level 2.5 Fighting
 + Level 0.5 Short Blades
 + Level 0.5 Long Blades
 + Level 0.5 Axes
 + Level 0.5 Maces & Flails
 + Level 0.5 Polearms
 + Level 0.5 Staves
 + Level 0.5 Ranged Weapons
 + Level 0.5 Throwing
 + Level 0.5 Armour
 + Level 0.5 Dodging
 + Level 0.5 Stealth
 + Level 8.5 Shields
 + Level 0.5 Unarmed Combat
 + Level 4.9 Spellcasting
 + Level 0.3 Conjurations
 + Level 0.3 Hexes
 + Level 0.3 Summonings
 + Level 3.7 Necromancy
 + Level 0.3 Translocations
 + Level 0.3 Transmutations
 + Level 0.3 Fire Magic
 + Level 0.3 Ice Magic
 + Level 0.3 Air Magic
 + Level 0.3 Earth Magic
 + Level 0.3 Poison Magic
 + Level 0.6 Invocations
 + Level 2.5 Evocations
 + Level 0.3 Shapeshifting


You had 10 spell levels left.
You didn't know any spells.
Your spell library contained the following spells:

 Spells                   Type           Power      Damage    Failure   Level
 Sublimation of Blood     Necr           13%        N/A       8%          2
 Cigotuvi's Dreadful Rot  Necr/Pois/Air  14%        N/A       19%         2


Dungeon Overview and Level Annotations

Branches:
Dungeon (2/15)

Altars:

Shops:
D:1 !


Innate Abilities, Weirdness & Mutations

You have very sharp teeth.
Your uncanny sense of smell can sniff out nearby items.
Your experience applies equally to all skills.


Message History

You feel sick. You block the adder's attack. The adder closely misses you.
You make a move on Xom's chessboard...
The adder struggles to resist.
You feel sick. The adder misses you.
Unknown command.
Unknown command.
An adder is nearby!
You make a move on Xom's chessboard...
The adder struggles to resist.
You feel sick. The adder closely misses you.
Unknown command.
You make a move on Xom's chessboard...
The adder falls asleep!
You feel sick.
Unknown command.
Unknown command.
The helpless adder fails to defend itself.
You hit the adder but do no damage.
The adder is moderately wounded.
You feel sick. You block the adder's attack. x2
You hit the adder. Your bite misses the adder.
The adder is moderately wounded.
You feel sick. You block the adder's attack. The adder bites you.
You are more poisoned.
The adder poisons you!
You hit the adder.
The adder is severely wounded.
You feel sick. The adder bites you but does no damage.
You barely miss the adder.
The adder is severely wounded.
You feel sick. You block the adder's attack. The adder bites you.
* * * LOW HITPOINT WARNING * * *
You are lethally poisoned!
The adder poisons you!
You completely miss the adder.
The adder is severely wounded.
* * * LOW HITPOINT WARNING * * *
You feel sick. The adder bites you.
* * * LOW HITPOINT WARNING * * *
You block the adder's attack.
It was a potion of berserk rage.
A red film seems to cover your vision as you go berserk!
You feel yourself moving faster!
You feel mighty!
You die...

####.....## ##.#
♣.♣..♣ #......##
#..# ♣♣♣.♣♣♣
######..#### #.##
♣...♣ ##....###.#
♣♣...♣♣
#.......#.#
♣..<..♣
#.........#
♣♣....♣
#.........# ♣♣.♣.♣
#.......S#♣ ♣..♣♣♣
#.......@# ♣♣.♣♣♣
########.# ♣♣♣..♣
#.# ♣...♣♣ #.#
♣♣.>♣♣ #.# ♣....♣
#.#########.## ###
#.#.......#.####..
#.#.#####.#.......
#.#.#.......####.#


You could see an adder.

Vanquished Creatures
  An endoplasm (D:1)
  2 hobgoblins (D:1)
  2 quokkas (D:1)
  4 ball pythons (D:1)
  2 bats (D:1)
  3 frilled lizards (D:1)
  3 goblins (D:1)
  A kobold (D:1)
  A rat (D:1)
19 creatures vanquished.

Notes
Turn   | Place    | Note
-------+----------+-------------------------------------------
     0 | D:1      | zazu2006 the Gnoll Wanderer began the quest for the Orb.
     0 | D:1      | zazu2006 set off with the following items: a +0 club, a
                  | piece from Xom's chessboard (15/15), a potion of
                  | lignification, a +0 robe, a +2 buckler; and the following
                  | spells available to memorise: Sublimation of Blood,
                  | Cigotuvi's Dreadful Rot.
     0 | D:1      | Reached XP level 1. HP: 17/17 MP: 6/6
   176 | D:1      | Found Jivirr's Distillery.
   201 | D:1      | Reached XP level 2. HP: 8/23 MP: 7/7
   278 | D:1      | Bought a potion of degeneration for 14 gold pieces
   914 | D:1      | HP: 1/23 [adder (1)]
   915 | D:1      | Succumbed to an adder's poison

Illustrated notes

Levels and vault maps discovered:
D:1:      roderic_dead_forest, layout_basic, serial_shops, shop
D:2:      kennysheep_the_goblin_king, layout_loops_ring, st_stairs_11,
          uniq_natasha

Action                     || total
---------------------------++-------
  Melee: Club              ||    84
         Bite              ||    10
  Evoke: Piece from Xom's  ||    10
    Use: Potion            ||     1
   Stab: Petrified         ||     3
         Petrifying        ||     1
         Paralysed         ||     2
         Sleeping          ||     1
 Armour: Robe              ||    26
  Dodge: Dodged            ||    45
  Block: Buckler           ||    44

Table legend: (Time is in decaauts)
 A = Elapsed time spent in this place.
 B = Non-inter-level travel time spent in this place.
 C = Inter-level travel time spent in this place.
 D = Time resting spent in this place.
 E = Time spent auto-exploring this place.
 F = Levels seen in this place.
 G = Mean time per level.
                   A        B        C        D        E       F      G
               +--------+--------+--------+--------+--------+-----+--------+
         Total |    943 |    890 |     53 |      0 |    644 |   2 |  471.5 |
       Dungeon |    943 |    890 |     53 |      0 |    644 |   2 |  471.5 |
               +--------+--------+--------+--------+--------+-----+--------+

Top non-repeatable levels by time:
     D:1: 935 daAuts
     D:2: 7 daAuts
